AoeStats
← aextropical#0420

Arabia

510415315Analyzed
1v1 RM · 1d ago on Sep 30, 2026· 23m 15s· 2 players
Game mode
Random Map
Map size
Tiny (2 player)
Population
200
Speed
Normal
Resources
Standard
Victory
Conquest
Starting age
Dark Age
Ending age
Imperial Age
RankedLock teamsTeams togetherTeam positionsShared explorationLock speedFull tech treeHidden civsTurbo modeCheats
Victory
Defeat
🇦🇷 Khitans · Argentina
1047
+16
🇺🇸 Maya · United States
1037
-16
aextropical#0420
7:19 Loom
10:23 Feudal Age
12:13 Double-Bit Axe
16:01 Fletching
21:44 Horse Collar
Rakuncavs
6:31 Loom
9:29 Feudal Age
10:40 Double-Bit Axe
11:04 Domestication
15:55 Forging
18:02 Padded Archer Armor
18:52 Fletching
23:47 Castle Age
23:05 Gold Mining
Connection lost

Rejoining the realm…

Still unreachable

The connection could not be restored.

Session expired

The server has moved on; the page needs a fresh start.